 Dungeon Crawl Stone Soup version 0.27.1-34-g3ba077fa99 (webtiles) character file.

Game seed: 293181875720878613

1910 pkoi the Zephyrmancer (level 8, -17/57 HPs)
             Began as a Black Draconian Air Elementalist on Jan 26, 2022.
             Was an Initiate of Sif Muna.
             Demolished by a boulder beetle (24 damage)
             ... on level 7 of the Dungeon.
             The game lasted 00:10:37 (10908 turns).

pkoi the Zephyrmancer (DrAE)                       Turns: 10908, Time: 00:10:38

Health: -17/57     AC:  6    Str:  6 (9)  XL:     8   Next: 94%
Magic:  3/14       EV: 12    Int: 16 (17) God:    Sif Muna [......]
Gold:   278        SH:  0    Dex: 10 (12) Spells: 3/16 levels left

rFire    . . .     SeeInvis .   g - +2 dagger (elec)
rCold    . . .     Faith    .   (no shield)
rNeg     . . .     Spirit   .   (armour unavailable)
rPois    .         Reflect  .   (helmet restricted)
rElec    +         Harm     .   q - scarf {shadows}
rCorr    .         Rampage  .   (no gloves)
Will     .....                  (no boots)
Stlth    ++........             (no amulet)
HPRegen  0.19/turn              (no ring)
MPRegen  0.14/turn              (no ring)

@: no status effects
A: breathe lightning, AC +6, unfitting armour, electricity resistance,
cold-blooded, weak 1
a: Breathe Lightning, Renounce Religion


You were on level 7 of the Dungeon.
You worshipped Sif Muna.
Sif Muna was noncommittal.
You visited 2 branches of the dungeon, and saw 8 of its levels.

You collected 872 gold pieces.
You spent 594 gold pieces at shops.

Inventory:

Hand Weapons
 b - a +0 dagger
 g - a +2 dagger of electrocution (weapon)
 y - a +2 vampiric trident
 A - a +2 whip of electrocution
Missiles
 a - a throwing net
Armour
 q - a scarf of shadows (worn)
Magical Staves
 t - a staff of poison
Jewellery
 p - a ring of flight
Wands
 n - a wand of acid (15)
 s - a wand of charming (7)
 v - a wand of digging (1)
Scrolls
 e - 2 scrolls of enchant weapon
 f - 5 scrolls of teleportation
 l - a scroll of fear
 r - a scroll of amnesia
 w - a scroll of vulnerability
Potions
 c - a potion of magic
 d - 3 potions of haste
 h - 2 potions of might
 i - a potion of curing
 j - a potion of flight
 m - 2 potions of degeneration
 o - a potion of brilliance


   Skills:
 - Level 1.7 Dodging
 - Level 1.7 Stealth
 + Level 4.6 Spellcasting
 + Level 3.2 Conjurations
 * Level 11.6 Air Magic
 + Level 3.9 Invocations


You had 3 spell levels left.
You knew the following spells:

 Your Spells              Type           Power      Damage    Failure   Level
a - Conjure Ball Lightni  Conj/Air       13%        3x3d6     75%         6
b - Airstrike             Air            20%        N/A       1%          4
c - Swiftness             Air            40%        N/A       1%          3

Your spell library contained the following spells:

 Spells                   Type           Power      Damage    Failure   Level
 Shock                    Conj/Air       100%       1d9       1%          1
 Static Discharge         Conj/Air       27%        N/A       1%          2
 Sublimation of Blood     Necr           1%         N/A       24%         2
 Wereblood                Tmut           3%         N/A       24%         2
 Gell's Gravitas          Tloc           1%         N/A       43%         3
 Lesser Beckoning         Tloc           1%         N/A       43%         3
 Teleport Other           Tloc           3%         N/A       43%         3
 Fulminant Prism          Conj/Hex       4%         3d6       63%         4
 Iskenderun's Mystic Bla  Conj/Tloc      8%         2d4       63%         4
 Iskenderun's Battlesphe  Conj           14%        2d7       75%         5
 Fireball                 Conj/Fire      4%         3d4       92%         5
 Lee's Rapid Deconstruct  Erth           1%         3d5*      99%         5
 Orb of Destruction       Conj           7%         9d3       100%        7
 Summon Hydra             Summ           1%         N/A       100%        7


Dungeon Overview and Level Annotations

Branches:
Dungeon (7/15)             Temple (1/1) D:4

Altars:
Ashenzari
Cheibriados
Dithmenos
Elyvilon
Gozag
Kikubaaqudgha
Makhleb
Nemelex Xobeh
Okawaru
Ru
Sif Muna
Trog
Uskayaw
Vehumet
Wu Jian
Xom
Yredelemnul
Zin
The Shining One

Shops:
D:3 :   D:6 ?


Innate Abilities, Weirdness & Mutations

You can breathe wild blasts of lightning.
Your glossy black scales are hard. (AC +6)
You cannot fit into any form of body armour.
You are resistant to electric shocks. (rElec)
You are cold-blooded and may be slowed by cold attacks.
You are weak. (Str -2)


Message History

Can't find anything matching that.
There is an open door here.
You open the door.
A boulder beetle is nearby!
The air twists around and strikes the boulder beetle!
The boulder beetle is lightly wounded.
The boulder beetle bites you but does no damage.
The air twists around and strikes the boulder beetle but does no damage.
The boulder beetle bites you!
The air twists around and strikes the boulder beetle!
The boulder beetle is moderately wounded.
The boulder beetle bites you!!
You hit the boulder beetle but do no damage.
The boulder beetle is moderately wounded.
The boulder beetle barely misses you.
You hit the boulder beetle but do no damage.
The boulder beetle is lightly wounded.
The boulder beetle leaps!
The boulder beetle bites you!
* * * LOW HITPOINT WARNING * * *
There is an open door here.
You hit the boulder beetle but do no damage.
The boulder beetle is lightly wounded.
The boulder beetle barely misses you.
You hit the boulder beetle but do no damage.
Lightning courses through the boulder beetle!
The boulder beetle is moderately wounded.
The boulder beetle barely misses you.
You hit the boulder beetle but do no damage.
The boulder beetle is moderately wounded.
The boulder beetle bites you!
* * * LOW HITPOINT WARNING * * *
You hit the boulder beetle.
Lightning courses through the boulder beetle!!
The boulder beetle is severely wounded.
The boulder beetle bites you but does no damage.
You hit the boulder beetle but do no damage.
The boulder beetle is severely wounded.
The boulder beetle bites you!!
You die...

.........########
....##'###.....##
....#....#.......
#######....#.......
#....#.....#.......
#....##...###.....#
......#....##...#######'#
......#..............##.#
......#.@............#...
..B...##B####........#._.
......#....##........#...
......#....########..####
......'....##....##..#$$$
....$.#..........#...##$#
......#######....#...####
####.. #....##..#._. #..
#....##..#...


You could see a boulder beetle.

Vanquished Creatures
  2 sky beasts
  3 black bears
  3 ogres (D:5)
  Blork the orc (D:4)
  A bullfrog (D:6)
  A gnoll sergeant (D:6)
  4 scorpions
  A water moccasin skeleton (D:4)
  A killer bee (D:7)
  A centaur zombie (D:4)
  A quasit (D:7)
  A bullfrog zombie (D:4)
  A bullfrog skeleton (D:5)
  2 hounds (D:6)
  A jelly (D:5)
  A gnoll shaman (D:4)
  3 iguanas
  A centaur skeleton (D:6)
  A scorpion zombie (D:4)
  An orc wizard (D:6)
  A hound zombie (D:4)
  A hound skeleton (D:4)
  10 gnolls
  5 adders
  2 white imps
  2 adder zombies (D:4)
  An adder skeleton (D:4)
  A worm (D:2)
  9 orcs
  5 bats
  6 endoplasms
  3 giant cockroaches
  6 goblins
  3 hobgoblins
  4 kobolds
  7 quokkas
  10 ball pythons
  3 frilled lizards
  2 goblin skeletons (D:7)
  A goblin zombie (D:7)
  A hobgoblin zombie (D:7)
  A kobold zombie (D:7)
  An orc skeleton (D:7)
  5 rats
121 creatures vanquished.

Vanquished Creatures (others)
  2 withered plants (D:4)
2 creatures vanquished.

Grand Total: 123 creatures vanquished

Notes
Turn   | Place    | Note
-------+----------+-------------------------------------------
     0 | D:1      | pkoi the Draconian Air Elementalist began the quest for the
                  | Orb.
     0 | D:1      | Reached XP level 1. HP: 14/14 MP: 3/3
   663 | D:1      | Reached XP level 2. HP: 20/20 MP: 1/5
  1760 | D:2      | Found a faded altar of an unknown god.
  1838 | D:2      | Reached XP level 3. HP: 26/26 MP: 4/6
  2676 | D:3      | Reached skill level 4 in Air Magic
  2745 | D:3      | Found a shadowy altar of Dithmenos.
  2776 | D:3      | Found a radiant altar of Vehumet.
  2878 | D:3      | Reached XP level 4. HP: 33/33 MP: 3/7
  2883 | D:3      | Learned a level 4 spell: Airstrike
  3221 | D:3      | Found Ziumethro's Book Emporium.
  3618 | D:4      | Reached XP level 5. HP: 19/38 MP: 6/9
  4078 | D:4      | Found a staircase to the Ecumenical Temple.
  4174 | Temple   | Entered the Ecumenical Temple
  4475 | D:4      | Reached skill level 5 in Air Magic
  4530 | D:4      | Reached XP level 6. HP: 45/45 MP: 1/10
  4948 | D:4      | Reached skill level 6 in Air Magic
  5115 | D:4      | Noticed Blork the orc
  5132 | D:4      | Killed Blork the orc
  5375 | Temple   | Became a worshipper of Sif Muna the Loreminder
  5406 | D:5      | Entered Level 5 of the Dungeon
  5421 | D:5      | Reached skill level 7 in Air Magic
  5421 | D:5      | Your scales start taking on a glossy black colour.
  5421 | D:5      | Reached skill level 8 in Air Magic
  5421 | D:5      | Reached XP level 7. HP: 37/50 MP: 4/11
  5421 | D:5      | Gained mutation: You are resistant to electric shocks.
                  | (rElec) [Black Draconian growth]
  5690 | D:5      | Learned a level 3 spell: Swiftness
  5699 | D:5      | Reached skill level 9 in Air Magic
  6794 | D:5      | Reached skill level 10 in Air Magic
  6794 | D:5      | Reached skill level 1 in Invocations
  6873 | D:5      | Noticed a +0 hand axe
  6873 | D:5      | Noticed a +0 hand axe
  6874 | D:5      | Found a hide-covered altar of Uskayaw.
  7198 | D:6      | Reached XP level 8. HP: 57/57 MP: 3/13
  8070 | D:6      | Reached skill level 11 in Air Magic
  8891 | D:6      | Found Wymiwk's Magic Scroll Shop.
  9652 | D:7      | Identified a scroll of acquirement
  9652 | D:7      | Acquired 523 gold pieces
  9740 | D:3      | Bought a book of the Spheres for 594 gold pieces
  9747 | D:3      | Learned a level 6 spell: Conjure Ball Lightning
 10038 | D:7      | Found a glowing golden altar of the Shining One.
 10419 | D:7      | Found an opulent altar of Gozag.
 10756 | D:7      | Gained mutation: You are weak. (Str -2) [potion of
                  | mutation]
 10850 | D:7      | Found a glowing silver altar of Zin.
 10884 | D:7      | Noticed a boulder beetle
 10908 | D:7      | Demolished by a boulder beetle

Illustrated notes

Levels and vault maps discovered:
D:1:      eino_arrival_cavern_b, layout_loops_corners, minivault_4,
          corexii_hall_statues_x
D:2:      kennysheep_big_flooded_room, layout_rooms,
          shapermc_ecumenical_altar_notcrosses
D:3:      layout_loops_ring, mainiacjoe_overflow_catwalk_spiral, serial_shops,
          shop_fountains, supply_closet_lemuel, kennysheep_generic_room_11
D:4:      layout_basic, minmay_temple_entry_trees, serial_undead,
          serial_undead_f, serial_undead_a, serial_undead_f, serial_undead_b,
          uniq_blork_the_orc
D:5:      layout_rooms, dancing_weapons_uskayaw
D:6:      layout_gridville, serial_shops, nicolae_lakefront_shop
D:7:      layout_gridville, pdpol_temple_overflow_zin_treasury_gozag_greed,
          nicolae_tso_besieged_by_evil
Temple:   nicolae_temple_figure_eight

Skill      XL: |  1  2  3  4  5  6  7  8 |
---------------+-------------------------+-----
Conjurations   | 2 3 |  3.2
Air Magic      | 4 5 8 10 11 | 11.6
Spellcasting   | 3 4 |  4.6
Invocations    | 1 3 |  3.9
Dodging        | |  1.7
Stealth        | |  1.7

Action                   |  1- 3 |  4- 6 |  7- 9 || total
-------------------------+-------+-------+-------++-------
Melee: Dagger            |    19 |    42 |    21 ||    82
       Tailslap          |     1 |     4 |     1 ||     6
       Trident           |       |       |     1 ||     1
 Cast: Shock             |    85 |    99 |     2 ||   186
       Airstrike         |       |       |    68 ||    68
  Use: Scroll            |     4 |       |     7 ||    11
       Potion            |       |       |     9 ||     9
Armor: Skin              |     9 |    23 |     5 ||    37
Dodge: Dodged            |    27 |    40 |    16 ||    83
